 Dungeon Crawl Stone Soup version 0.13-a0-1590-g33f0eee (webtiles) character file.

1231 Soner the Chopper (level 8, 0/68 HPs)
             Began as a Lava Orc Berserker on June 13, 2013.
             Was a High Priest of Trog.
             Slain by a gnoll
             ... wielding a +2,+3 spear of venom
              (3 damage)
             ... while paralysed by a potion of paralysis
             ... on Level 5 of the Dungeon.
             The game lasted 00:30:18 (4670 turns).

Soner the Chopper (Lava Orc Berserker)              Turns: 4670, Time: 00:30:18

HP   0/68        AC  9     Str 20      XL: 8   Next:  0%
MP   7/7         EV  2     Int 10      God: Trog [*****.]
Gold 230         SH  0     Dex 12      Spells:  0 memorised,  7 levels left

Res.Fire  : + . .   See Invis. : .   B - +1,+3 orc hand axe
Res.Cold  : . . .   Warding    : .   M - +0 orc leather armour
Life Prot.: . . .   Conserve   : .   (no shield)
Res.Poison: .       Res.Corr.  : .   (no helmet)
Res.Elec. : .       Clarity    : .   (no cloak)
Sust.Abil.: . .     Spirit.Shd : .   K - +1 pair of gloves
Res.Mut.  : .       Stasis     : .   (no boots)
Res.Rott. : .       Flight     : .   F - amulet of the gourmand
Gourmand  : +                        (no ring)
                                     w - +3 ring of intelligence

@: paralysed, exhausted, very poisoned, slow, slightly resistant to hostile
enchantments, very unstealthy
A: conserve scrolls, saprovore 1
a: Burn Spellbooks, Berserk, Trog's Hand, Brothers in Arms, Renounce Religion


You were on level 5 of the Dungeon.
You worshipped Trog.
Trog was extremely pleased with you.
You were very full.

You visited 1 branch of the dungeon, and saw 5 of its levels.

You collected 210 gold pieces.

Inventory:

Hand weapons
 a - a +0,+0 orcish hand axe {=f}
 f - a +0,+0 sling
 B - a +1,+3 orcish hand axe (weapon)
 E - a +1,+1 flail of draining
 G - a +0,+0 bow
 J - a +0,+0 sling
Missiles
 b - 10 poisoned needles
 h - 50 bolts
 o - 127 stones (quivered)
 q - 25 darts
 t - 10 sling bullets
 A - 64 arrows
Armour
 l - a +0 pair of gloves
 z - a cursed +0 large shield
 C - a +0 orcish robe
 K - a +1 pair of gloves (worn)
 M - a +0 orcish leather armour (worn)
Comestibles
 c - 3 meat rations
 k - 3 bread rations
 I - a rotting chunk of giant gecko flesh
Scrolls
 d - 2 scrolls of identify {unknown}
 g - 3 scrolls of fog {unknown}
 i - 5 scrolls of remove curse {unknown}
 j - 2 scrolls of noise {unknown}
 m - 2 scrolls of enchant weapon I {unknown}
 n - 3 scrolls of random uselessness {unknown}
 s - 3 scrolls of enchant weapon II {unknown}
 u - 3 scrolls of teleportation {unknown}
 x - 2 scrolls of fear {unknown}
 y - a scroll of recharging {unknown}
 H - a scroll of magic mapping {unknown}
Jewellery
 e - an uncursed amulet of guardian spirit
 w - a +3 ring of intelligence (left hand)
 F - an amulet of the gourmand (around neck)
Potions
 p - 2 potions of curing
 v - a potion of might {unknown}
 D - a potion of paralysis
Miscellaneous
 r - a plain deck of dungeons


   Skills:
 + Level 5.4 Fighting
 + Level 6.8 Axes
 * Level 2.5 Armour
 + Level 5.9 Dodging
 + Level 1.1 Traps


You had 7 spell levels left.
You didn't know any spells.

Dungeon Overview and Level Annotations

Branches:
Dungeon (5/27)
 Temple: D:4-7

Altars:
Fedhas
Nemelex Xobeh
Sif Muna


Innate Abilities, Weirdness & Mutations

You have stony skin.
You cover ground slowly.
Your flesh is heat resistant.
Your flesh is vulnerable to cold.
Your heat harms attackers.
You bathe your surroundings in blazing heat.
You are too hot to use scrolls.
You are very good at protecting items from fire.
You can tolerate rotten meat.


Message History

You are more poisoned.
* * * LOW HITPOINT WARNING * * *
You feel sick.
The gnoll hits you with a spear of venom.
* * * LOW HITPOINT WARNING * * *
You are more poisoned.
* * * LOW HITPOINT WARNING * * *
You feel sick.
You feel a little better. The gnoll hits you but does no damage.
You are more poisoned.
* * * LOW HITPOINT WARNING * * *
You feel sick.
The gnoll hits you with a spear of venom.
* * * LOW HITPOINT WARNING * * *
You are more poisoned.
* * * LOW HITPOINT WARNING * * *
You feel very sick.
The gnoll hits you with a spear of venom.
You die...

#.._..# ... #. ##...## ...
#. ####.## ... .
###....##### ...
....#......# #.#
###...####.# #g# ##.......#
#.#
########..#########.######.#
..#
##.......@gg.........#####
..#
#...).#######.......##....
....# #.###.# #########.♣###
.... #. #.# #.##.. ....
#.###)# ####.#.♣. ..##
#.....# #....#..> ..#
.....##.# ###.##.#.♣. .#
####.##.# #....#.##.. .
#.##.# #.####.♣###


You could see 2 gnolls.

Vanquished Creatures
  The ghost of kroupouk the Chiller, an average OpIE (D:4)
  Eustachio (D:5)
  Menkaure (D:5)
  A centaur (D:5)
  A sky beast (D:5)
  Sigmund (D:3)
  An orc priest (D:4)
  2 iguanas
  3 orc wizards
  2 worker ants
  10 adders
  4 gnolls (D:4)
  A green rat (D:5)
  4 shadow imps (D:5)
  A giant mite (D:2)
  A white imp (D:5)
  An inept feature mimic (D:2)
  A worm (D:5)
  2 giant eyeballs
  3 giant geckos
  15 orcs
  14 bats
  5 giant cockroaches
  10 goblins
  7 hobgoblins
  3 jackals (D:3)
  3 ball pythons
  A giant gecko skeleton (D:4)
  5 giant newts
  A hobgoblin zombie (D:5)
  13 kobolds
  5 rats
124 creatures vanquished.

Notes
Turn   | Place    | Note
--------------------------------------------------------------
     0 | D:1      | Soner, the Lava Orc Berserker, began the quest for the Orb.
     0 | D:1      | Reached XP level 1. HP: 19/19 MP: 0/0
    59 | D:1      | Vitol: huh i didnt notice they had sapovore
   108 | D:1      | Reached XP level 2. HP: 12/26 MP: 1/1
   153 | D:1      | Soner: It's because they're slowish.
   155 | D:1      | Reached skill level 4 in Axes
   212 | D:1      | Acquired Trog's second power
   773 | D:2      | Soner: Str, Int, or Dex?
   773 | D:2      | Vitol: Dex probably
   773 | D:2      | Soner: I never know which stats to increase, because I can't remember the math behind Dex.
   773 | D:2      | Reached XP level 3. HP: 24/33 MP: 0/2
   774 | D:2      | Vitol: Unless your going to go super heavy
   774 | D:2      | Soner: Why would I go super heavy?
   774 | D:2      | Soner: There's literally no reason to anymore.
   912 | D:2      | Found a sparkling altar of Nemelex Xobeh.
   970 | D:2      | Vitol: true
   970 | D:2      | Vitol: Bug big two handers are in right now
  1364 | D:2      | Reached XP level 4. HP: 21/40 MP: 0/3
  1742 | D:3      | Noticed Sigmund
  1753 | D:3      | Vitol: No Sigmund No
  1760 | D:3      | Vitol: Its Balancing time
  1763 | D:3      | Killed Sigmund
  1763 | D:3      | Reached XP level 5. HP: 40/46 MP: 2/4
  1766 | D:3      | Soner: I forgot I hadn't eaten. :B
  1878 | D:3      | Reached skill level 5 in Axes
  1879 | D:3      | Vitol: are you going axes?
  1898 | D:3      | Soner: Of course.
  1898 | D:3      | Soner: What are they going to do to Swords, now that every other weapon has a unique feature?
  1898 | D:3      | Vitol: oh thats right scythes are polearms
  1898 | D:3      | Soner: Oh, except for maces.
  1898 | D:3      | Soner: Maces are weird though, because it includes whips, so you have to pick something that fits both.
  1938 | D:3      | Reached skill level 1 in Traps
  2035 | D:3      | Vitol: knockback
  2103 | D:3      | Vitol: except thats mostly just bad
  2103 | D:3      | Soner: Also, how does that make sense for maces?
  2103 | D:3      | Vitol: bludgeoning people away and staggering them i guess
  2103 | D:3      | Soner: *make sense for whips
  2103 | D:3      | Soner: derp
  2103 | D:3      | Soner: What's the effect that's basically a lesser form of confusion? I say just give them a chance for that.
  2103 | D:3      | Vitol: Executioner's Axe of Speed
  2103 | D:3      | Soner: And maybe give whips something different, like reach, because demonic whips and scourages are already pretty cool.
  2104 | D:3      | Vitol: make it happen
  2243 | D:3      | Vitol: Trog needs to gift like a champ
  2251 | D:3      | Soner: I just want him to quit gifting stuff I don't have any XP in.
  2251 | D:3      | Soner: That happens all the time nowadays, and IDK why.
  2513 | D:3      | Vitol: Because Xom finds it funny
  2545 | D:3      | Vitol: also gotta go hot
  2842 | D:4      | Found a blossoming altar of Fedhas.
  2962 | D:4      | Noticed kroupouk's ghost (average OpIE)
  2963 | D:4      | Soner: >Playing a Lava Orc
  2963 | D:4      | Soner: >First ghost I see is an Ice Elementalist
  2963 | D:4      | Soner: I should probably make this count.
  2965 | D:4      | Vitol: You only get ice weak at high heat
  2968 | D:4      | Soner: So, do I use trog's hand, berserk, or nothing...
  2968 | D:4      | Vitol: You can probably just berserk and butcher them
  2968 | D:4      | Soner: I think Berserk would give me the ice weakness thing though.
  2968 | D:4      | Soner: Eh, fuck it.
  2972 | D:4      | Killed kroupouk's ghost
  2972 | D:4      | Reached XP level 6. HP: 53/53 MP: 5/5
  3155 | D:4      | Vitol: you should food
  3175 | D:4      | Acquired Trog's third power
  3192 | D:4      | Soner: I could, if I was being /sensible/.
  3192 | D:4      | Soner: But that's no fun.
  3192 | D:4      | Vitol: true
  3392 | D:4      | Reached XP level 7. HP: 38/60 MP: 6/6
  3617 | D:4      | Reached XP level 6. HP: 45/53 MP: 5/5
  3632 | D:4      | Reached skill level 5 in Dodging
  3817 | D:5      | Entered Level 5 of the Dungeon
  3894 | D:5      | Noticed Menkaure
  3898 | D:5      | Killed Menkaure
  3898 | D:5      | Reached skill level 5 in Fighting
  3898 | D:5      | Reached skill level 6 in Axes
  3898 | D:5      | Reached XP level 7. HP: 60/60 MP: 6/6
  3928 | D:5      | Vitol: I miss mut meat from sky beasts
  4260 | D:5      | Soner: Does orc armor hurt your EV as an orc?
  4260 | D:5      | Soner: I know elven armor doesn't hurt elves, but I also know how the DCSS devs do things.
  4260 | D:5      | Vitol: I can see what it does
  4260 | D:5      | Soner: NVM, just let me test it.
  4266 | D:5      | Soner: It does, but... that extra AC boost is nice.
  4551 | D:5      | Found a deep blue altar of Sif Muna.
  4564 | D:5      | Soner: >as Orcs often do
  4564 | D:5      | Soner: heh
  4599 | D:5      | Noticed Eustachio
  4617 | D:5      | Vitol: lol eustachio
  4624 | D:5      | Killed Eustachio
  4624 | D:5      | Reached XP level 8. HP: 68/68 MP: 7/7
  4643 | D:5      | Soner: Truly the most dangerous summoner in the game.
  4666 | D:5      | Paralysed by a potion of paralysis for 7 turns
  4670 | D:5      | HP: 3/68 [poisoned by a gnoll]
  4670 | D:5      | Slain by a gnoll

Action                   |  1- 3 |  4- 6 |  7- 9 || total
-------------------------+-------+-------+-------++-------
Melee: Hand axe          |   134 |   202 |   130 ||   466
Invok: Berserk           |       |     3 |     2 ||     5
       Trog's Hand       |       |     1 |       ||     1
       Burn Spellbooks   |       |       |     1 ||     1
  Use: Potion            |       |       |     4 ||     4
 Stab: Sleeping          |       |     1 |       ||     1
